 Dungeon Crawl Stone Soup version 0.21.1-1-g345015f (webtiles) character file.

22 shakethe the Grave Robber (level 2, 0/21 HPs)
             Began as a Demonspawn Necromancer on Feb 19, 2018.
             Slain by an adder (4 damage)
             ... on level 1 of the Dungeon.
             The game lasted 00:02:11 (857 turns).

shakethe the Grave Robber (Demonspawn Necromancer)   Turns: 857, Time: 00:02:11

Health: 0/21       AC:  4    Str:  8    XL:     2   Next: 68%
Magic:  1/5        EV: 12    Int: 16    God:
Gold:   45         SH:  0    Dex: 13    Spells: 4/5 levels left

rFire    . . .     SeeInvis .   d - -1 club (curse)
rCold    . . .     Gourm    .   (no shield)
rNeg     . . .     Faith    .   a - +0 robe
rPois    .         Spirit   .   (no helmet)
rElec    .         Reflect  .   (no cloak)
rCorr    .         Harm     .   (no gloves)
MR       .....                  (no boots)
Stlth    ++........             (no amulet)
HPRegen  0.07/turn              (no ring)
MPRegen  0.09/turn              (no ring)

@: no status effects
A: yellow scales 1
a: no special abilities


You were on level 1 of the Dungeon.
You were not hungry.

You visited 1 branch of the dungeon, and saw 2 of its levels.

You collected 45 gold pieces.

Inventory:

Hand Weapons
 d - a cursed -1 club (weapon)
   (You took it off a goblin on level 1 of the Dungeon)
Armour
 a - a +0 robe (worn)
 j - a +0 pair of gloves
   (You found it on level 1 of the Dungeon)
Jewellery
 k - an uncursed amulet of guardian spirit {unknown}
   (You found it on level 1 of the Dungeon)
Scrolls
 e - a scroll of identify {unknown}
 l - a scroll of enchant armour {unknown}
Potions
 g - a potion of cancellation {unknown}
 h - a potion of curing {unknown}
 i - a potion of degeneration {unknown}
Books
 b - a book of Necromancy
Comestibles
 c - 2 rations
 f - a chunk of flesh {@w0@w0}


   Skills:
 + Level 1.2 Fighting
 - Level 1.7 Dodging
 - Level 1.7 Stealth
 + Level 2.4 Spellcasting
 + Level 4.7 Necromancy


You had 4 spell levels left.
You knew the following spells:

 Your Spells              Type           Power        Failure   Level  Hunger
a - Pain                  Necr           ###.         2%          1    #......


Dungeon Overview and Level Annotations

Branches:
Dungeon (2/15)

Altars:


Innate Abilities, Weirdness & Mutations

You are partially covered in yellow scales. (AC +2)


Message History

The kobold writhes in agony!
You kill the kobold!
You take 1 damage, and have 20/21 hp.
You now have 4/5 mp.
Unknown command.
You can't see any susceptible monsters within range! (Use Z to cast anyway.) Unknown command.
k - a dented malachite amulet Health restored: 21; MP restored: 5 You see here a robe.
You now have 45 gold pieces (gained 16).
You open the door.
There is an open door here.
Some of the chunks of flesh in your inventory have rotted away.
A rat comes into view.
A rat is nearby!
Aim: a rat (chance to defeat MR: 87%)
The rat writhes in agony!
You kill the rat!
You take 1 damage, and have 20/21 hp.
You now have 4/5 mp.
A goblin comes into view.
A goblin is nearby!
You see here a rat corpse.
Aim: a goblin (resting, chance to defeat MR: 87%)
The goblin writhes in agony!
You kill the goblin!
You take 1 damage, and have 19/21 hp.
You now have 3/5 mp.
You butcher the rat corpse.
f - 5 chunks of flesh {@w0@w0} (gained 1)
You see here a rat skeleton. x2
A kobold comes into view.
Found a stone staircase leading down.
Aim: a kobold (resting, chance to defeat MR: 87%)
The kobold shouts!
The kobold writhes in agony!
You kill the kobold!
You take 1 damage, and have 19/21 hp.
l - a scroll labeled NIDUS FA YGUAK You see here 19 sling bullets.
You see here a rat skeleton.
You open the door.
There is an open door here.
Some of the chunks of flesh in your inventory have rotted away.
You open the door.
There is an open door here.
Some of the chunks of flesh in your inventory have rotted away.
There is an open door here.
Some of the chunks of flesh in your inventory have rotted away.
Done exploring.
Health restored: 21; MP restored: 5 Done exploring.
Done exploring.
You see here 19 sling bullets.
Done exploring.
You see here 19 sling bullets.
There is a stone staircase leading down here.
You climb downwards.
An adder and 2 hobgoblins come into view.
Found a stone staircase leading up.
There is a stone staircase leading up here.
The hobgoblin shouts!
You hear a shout! x4; The adder hisses angrily.
The hobgoblin shouts!
You hear an angry hiss.
A hobgoblin comes into view.
Aim: a hobgoblin (chance to defeat MR: 87%)
The hobgoblin writhes in agony!
You hear a shout! x2
A rat comes into view.
You take 1 damage, and have 20/21 hp.
You now have 4/5 mp.
Aim: a hobgoblin (lightly wounded, chance to defeat MR: 87%)
The hobgoblin writhes in agony!
You hear a shout! x2
You take 1 damage, and have 19/21 hp.
You now have 3/5 mp.
The adder writhes in agony!
You take 1 damage, and have 18/21 hp.
You now have 2/5 mp.
The hobgoblin closely misses you.
There is a stone staircase leading up here.
Aim: an adder (moderately wounded, chance to defeat MR: 81%)
The adder writhes in agony!
The adder closely misses you. The hobgoblin barely misses you.
The adder bites you.
You take 4 damage, and have 14/21 hp.
You now have 1/5 mp.
Aim: a hobgoblin (almost dead, chance to defeat MR: 87%)
The hobgoblin writhes in agony!
You kill the hobgoblin!
The adder barely misses you.
You take 1 damage, and have 13/21 hp.
You now have 0/5 mp.
The adder bites you.
You climb upwards.
There is a stone staircase leading down here.
You take 3 damage, and have 10/21 hp.
The adder bites you.
* * * LOW HITPOINT WARNING * * *
The adder completely misses you.
You take 5 damage, and have 5/21 hp.
MASSIVE DAMAGE!!
The adder bites you.
* * * LOW HITPOINT WARNING * * *
You take 2 damage, and have 3/21 hp.
The adder completely misses you. The adder closely misses you.
The adder bites you.
You die...

#...........
#####################...........
#...............................
#.###################...........
#.# #.........##
#.############### #.........#
#.#.............# #########.#
#.#.###########.#############.##
##.#.# #......S@................
...#.# #>......(................
.....# #####.....###########...#
.....# #.....# #...#
..รท..########.....# #...#
###........##.....# #...#
#........##.....# #...#
#........##.....# #...#
#........##.....# ###...#


You could see an adder.

Vanquished Creatures
  3 giant cockroaches (D:1)
  4 goblins (D:1)
  3 hobgoblins
  2 bats (D:1)
  5 kobolds (D:1)
  2 rats (D:1)
19 creatures vanquished.

Notes
Turn   | Place    | Note
-------+----------+-------------------------------------------
     0 | D:1      | shakethe the Demonspawn Necromancer began the quest for the Orb.
     0 | D:1      | Reached XP level 1. HP: 13/13 MP: 3/3
   276 | D:1      | Gained mutation: You are partially covered in yellow scales. (AC +2) [demonic ancestry]
   276 | D:1      | Reached XP level 2. HP: 18/20 MP: 0/5
   457 | D:1      | Reached skill level 1 in Fighting
   850 | D:1      | HP: 5/21 [adder (5)]
   857 | D:1      | Slain by an adder

Skill      XL: |  1  2 |
---------------+-------+-----
Fighting       | 1 |  1.2
Dodging        | |  1.7
Stealth        | |  1.7
Spellcasting   | |  2.4
Necromancy     | |  4.7

Action                   || total
-------------------------++-------
 Cast: Pain              ||    30
Dodge: Dodged            ||    13

Vault maps used:
D:1:      mainiacjoe_arrival_reflecting_pool
D:2:      uniq_robin

Table legend:
 A = Turns spent in this place as a percentage of turns spent in the entire game.
 B = Non-inter-level travel turns spent in this place as a percentage of non-inter-level travel turns spent in the entire game.
 C = Inter-level travel turns spent in this place as a percentage of turns spent in this place.
 D = Turns resting spent in this place as a percentage of non-inter-level travel turns spent in this place.
 E = Turns spent auto-exploring this place as a percentage of non-inter-level travel turns spent in this place.
 F = Non-inter-level travel turns spent in this place divided by the number of levels of this place that you've seen.
                   A       B       C       D       E      F
               +-------+-------+-------+-------+-------+----------------------
         Total | 100.0 | 100.0 |   0.0 |  10.3 |  64.5 | 428.5
       Dungeon | 100.0 | 100.0 |   0.0 |  10.3 |  64.5 | 428.5
               +-------+-------+-------+-------+-------+----------------------

Table legend:
 A = Kills in this place as a percentage of kills in entire the game.
 B = Kills by you in this place as a percentage of kills by you in the entire game.
 C = Kills by friends in this place as a percentage of kills by friends in the entire game.
 D = Other kills in this place as a percentage of other kills in the entire game.
 E = Experience gained in this place as a percentage of experience gained in the entire game.
 F = Experience gained in this place divided by the number of levels of this place that you have seen.
                   A       B       C       D       E      F
               +-------+-------+-------+-------+-------+----------------------
         Total | 100.0 | 100.0 |   N/A |   N/A | 100.0 |  16.0
       Dungeon | 100.0 | 100.0 |   N/A |   N/A | 100.0 |  16.0
               +-------+-------+-------+-------+-------+----------------------
